 Dungeon Crawl Stone Soup version 0.24-a0-537-g2d01d4ab0a (webtiles) character file.

Game seed: 179442971040990756

1276 Norm the Cudgeler (level 8, -6/78 HPs)
             Began as an Ogre Abyssal Knight on Aug 12, 2019.
             Was a Priest of Lugonu.
             Hit by a boomerang thrown by an orc warrior (18 damage)
             ... on level 7 of the Dungeon.
             The game lasted 00:22:52 (8696 turns).

Norm the Cudgeler (Ogre Abyssal Knight)             Turns: 8696, Time: 00:22:53

Health: -6/78      AC:  3    Str: 17    XL:     8   Next: 54%
Magic:  12/12      EV: 10    Int: 15    God:    Lugonu [***...]
Gold:   459        SH:  0    Dex:  8    Spells: 7/7 levels left

rFire    . . .     SeeInvis .   a - +1 whip (venom)
rCold    . . .     Gourm    .   (no shield)
rNeg     . . .     Faith    .   i - +0 robe
rPois    .         Spirit   .   (helmet restricted)
rElec    .         Reflect  .   (no cloak)
rCorr    .         Harm     .   (gloves unavailable)
MR       .....                  (boots unavailable)
Stlth    +.........             (no amulet)
HPRegen  0.23/turn              (no ring)
MPRegen  0.13/turn              (no ring)

@: no status effects
A: large, unfitting armour, tough skin 1
a: Depart the Abyss, Bend Space, Banish, Renounce Religion


You were on level 7 of the Dungeon.
You worshipped Lugonu.
Lugonu was most pleased with you.
You were not hungry.

You visited 1 branch of the dungeon, and saw 7 of its levels.
You visited the Abyss 1 time.

You collected 459 gold pieces.

Inventory:

Hand Weapons
 a - a +1 whip of venom (weapon)
 b - a +0 hunting sling of freezing
 d - a +1 mace
 m - a +2 short sword of venom
 B - a +1 shortbow of freezing
 E - a +0 giant club
Missiles
 e - 211 stones (quivered)
 v - 24 poisoned darts
 A - 48 arrows
 C - 35 sling bullets
Armour
 i - a +0 robe (worn)
Scrolls
 f - 2 scrolls of fog {unknown}
 h - 2 scrolls of immolation
 j - 2 scrolls of teleportation {unknown}
 k - a scroll of random uselessness {unknown}
 o - 5 scrolls of remove curse
 p - a scroll of enchant weapon {unknown}
 q - a scroll of noise
 r - a scroll of amnesia {unknown}
 s - 2 scrolls of fear {unknown}
 u - 6 scrolls of identify
 w - a scroll of blinking
Potions
 g - a potion of haste
 l - a potion of heal wounds {unknown}
 n - a potion of mutation
 t - 2 potions of resistance
 x - 2 potions of cancellation {unknown}
Comestibles
 c - 22 rations
 D - 2 chunks of flesh


   Skills:
 - Level 4.0 Fighting
 * Level 7.7 Maces & Flails
 - Level 2.1 Dodging
 + Level 6.5 Invocations


You had 7 spell levels left.
You didn't know any spells.
Your spell library contained the following spells:

 Spells                   Type           Power        Failure   Level  Hunger
 Magic Dart               Conj           #...         26%         1    ##.....
 Blink                    Tloc           N/A          38%         2    ###....
 Call Imp                 Summ           #.......     38%         2    ###....
 Slow                     Hex            #.......     38%         2    ###....
 Conjure Flame            Conj/Fire      #.......     63%         3    ####...
 Mephitic Cloud           Conj/Pois/Air  #.......     63%         3    ####...


Dungeon Overview and Level Annotations

Branches:
Dungeon (7/15)             Temple (0/1) D:5

Altars:
Nemelex Xobeh


Innate Abilities, Weirdness & Mutations

You are too large for most types of armour.
You have tough skin. (AC +1)


Message History

Things that are here:
a +0 robe; a +0 dagger The orc warrior throws a boomerang.
The boomerang hits you!
* * * LOW HITPOINT WARNING * * *
The weapon returns to the orc warrior!
Items here: ) [ รทรท a +0 robe; a +0 dagger; an adder skeleton; an orc skeleton The orc warrior throws a boomerang.
The boomerang closely misses you.
The weapon returns to the orc warrior!
Evoke which item? (* to show all) (? for menu, Esc to quit)
Aiming: Disintegrate
Press: ? - help, Shift-Dir - straight line, f - orc warrior
Aim: an orc warrior, wielding a +0 battleaxe and wearing a +0 plate armour (moderately wounded, poisoned, chance to defeat MR: 65%)
The orc warrior is blasted!
The now-empty wand crumbles to dust.
The orc warrior throws a boomerang.
The boomerang hits you.
* * * LOW HITPOINT WARNING * * *
The weapon returns to the orc warrior!
You aren't carrying any items that you can evoke.
You feel better.
The orc warrior throws a boomerang.
The boomerang hits you!!
You die...

#.###....####.......
#.#........#.......#
#..........#....S...
#..#.............HZ<#
.. #........##.....##
#........##.....#
#.########........ .
#.# #####........ ..
#@# ##............ ...
#[###...........## ....
#[##...........## .....
#.##...........#
......##o##............
#.....%)..............
#.....................
#.......#...........#.
.........##............


You could see an orc warrior.

Vanquished Creatures
  A water moccasin (D:6)
  An ice beast (D:5)
  An ogre (D:6)
  A centaur (D:5)
  A scorpion (D:4)
  A howler monkey (D:5)
  2 crimson imps
  2 bullfrog zombies
  3 hounds
  A gnoll shaman (D:5)
  An orc priest (D:7)
  A jelly (D:6)
  8 worker ants
  4 orc wizards
  A hound zombie (D:6)
  4 gnolls
  3 adders
  A shadow imp (D:4)
  An adder skeleton (D:5)
  A worm (D:3)
  2 dart slugs
  3 leopard geckos
  13 orcs
  5 ball pythons
  14 bats
  9 giant cockroaches
  8 goblins
  6 hobgoblins
  9 jackals
  4 quokkas
  4 frilled lizards
  A jackal skeleton (D:6)
  12 kobolds
  A leopard gecko skeleton (D:4)
  A quokka skeleton (D:5)
  A quokka zombie (D:5)
  8 rats
140 creatures vanquished.

Notes
Turn   | Place    | Note
-------+----------+-------------------------------------------
     0 | Abyss:1  | Norm the Ogre Abyssal Knight began the quest for the Orb.
     0 | Abyss:1  | Reached XP level 1. HP: 24/24 MP: 2/2
   134 | Abyss:1  | Noticed a demonic crawler
   139 | D:1      | Escaped the Abyss
   152 | D:1      | Reached skill level 2 in Maces & Flails
   203 | D:1      | Reached XP level 2. HP: 31/32 MP: 3/3
   280 | D:1      | Reached * piety under Lugonu
   446 | D:1      | Reached XP level 3. HP: 38/39 MP: 4/4
   629 | D:1      | Reached skill level 3 in Maces & Flails
  1005 | D:2      | Reached XP level 4. HP: 46/48 MP: 6/6
  1261 | D:2      | Reached ** piety under Lugonu
  1827 | D:2      | Found a sparkling altar of Nemelex Xobeh.
  2377 | D:3      | Reached XP level 5. HP: 54/54 MP: 7/7
  2932 | D:3      | Reached skill level 4 in Maces & Flails
  3235 | D:4      | Reached XP level 6. HP: 30/62 MP: 7/9
  3820 | D:4      | Reached skill level 5 in Maces & Flails
  4093 | D:5      | Entered Level 5 of the Dungeon
  4104 | D:5      | Found a staircase to the Ecumenical Temple.
  5169 | D:5      | Reached XP level 7. HP: 70/70 MP: 10/10
  5382 | D:5      | Reached skill level 5 in Invocations
  5784 | D:5      | Reached skill level 6 in Maces & Flails
  6803 | D:6      | Reached *** piety under Lugonu
  7050 | D:6      | Reached XP level 8. HP: 69/78 MP: 12/12
  7356 | D:6      | Reached skill level 7 in Maces & Flails
  7892 | D:7      | Noticed a hippogriff
  8696 | D:7      | Hit by a boomerang thrown by an orc warrior

Levels and vault maps discovered:
D:1:      dpeg_arrival_pond, layout_rooms, minmay_splitting_lines
D:2:      layout_basic, nemelex_altar_shiori
D:3:      layout_basic, first_ration
D:4:      layout_cave_pools
D:5:      layout_basic, minmay_temple_entry_overgrown, kennysheep_doodads,
          minivault_23
D:6:      layout_loops_ring
D:7:      layout_rooms

Skill      XL: |  1  2  3  4  5  6  7  8 |
---------------+-------------------------+-----
Maces & Flails | 2 3 4 5 6 7 |  7.7
Invocations    | 3 4 5 6 |  6.5
Fighting       | |  4.0
Dodging        | |  2.1

Action                   |  1- 3 |  4- 6 |  7- 9 || total
-------------------------+-------+-------+-------++-------
Melee: Mace              |   114 |     8 |       ||   122
       Short sword       |     3 |   127 |       ||   130
       Whip              |       |    26 |   224 ||   250
 Fire: Hunting sling     |       |    10 |     8 ||    18
Invok: Depart the Abyss  |     1 |       |       ||     1
Evoke: Wand              |       |     1 |     1 ||     2
  Use: Potion            |     1 |     1 |     2 ||     4
       Scroll            |       |     8 |       ||     8
  Eat: Chunk             |       |    10 |    11 ||    21
       Ration            |       |     1 |       ||     1
Armor: Robe              |    57 |    43 |    41 ||   141
Dodge: Dodged            |   102 |    80 |    89 ||   271

Table legend:
 A = Non-vault XP
 B = Vault XP
 C = Vault XP percentage of total XP
 D = Non-vault monster count
 E = Vault monster count
 F = Vault count percentage of total count
                 A         B        C        D         E       F
            +---------+---------+-------+---------+---------+-------
      Total |    1819 |       4 |   0.2 |     138 |       2 |   1.4
            +---------+---------+-------+---------+---------+-------
        D:1 |      60 |       4 |   6.2 |      34 |       2 |   5.6
        D:2 |      84 |       0 |   0.0 |      21 |       0 |   0.0
        D:3 |      32 |       0 |   0.0 |      14 |       0 |   0.0
        D:4 |     286 |       0 |   0.0 |      14 |       0 |   0.0
        D:5 |     595 |       0 |   0.0 |      26 |       0 |   0.0
        D:6 |     590 |       0 |   0.0 |      22 |       0 |   0.0
        D:7 |     172 |       0 |   0.0 |       7 |       0 |   0.0
            +---------+---------+-------+---------+---------+-------
